 Dungeon Crawl Stone Soup version 0.20-a0-1023-gc4d110f (webtiles) character file.

60 Ordine the Magician (level 3, -1/19 HPs)
             Began as a Deep Elf Wizard on Apr 18, 2017.
             Slain by an adder (2 damage)
             ... on level 3 of the Dungeon.
             The game lasted 00:07:55 (2075 turns).

Ordine the Magician (Deep Elf Wizard)               Turns: 2075, Time: 00:07:56

Health: -1/19      AC:  2    Str:  4    XL:     3   Next: 80%
Magic:  12/12      EV: 12    Int: 23    God:
Gold:   100        SH:  7    Dex: 13    Spells: 10/13 levels left

rFire    . . .     SeeInvis .   h - +1 dagger
rCold    . . .     Gourm    .   i - +3 buckler
rNeg     . . .     Faith    .   a - +0 robe
rPois    .         Spirit   .   b - +0 hat
rElec    .         Reflect  .   (no cloak)
rCorr    .         Harm     .   (no gloves)
MR       .....                  (no boots)
Stlth    ++........             (no amulet)
Regen    0.1/turn               (no ring)
MPRegen  0.2/turn               (no ring)

@: lethally poisoned (-1 -> -9)
A: no striking features
a: no special abilities


You were on level 3 of the Dungeon.
You were not hungry.

You visited 1 branch of the dungeon, and saw 3 of its levels.

You collected 100 gold pieces.

Inventory:

Hand Weapons
 h - a +1 dagger (weapon)
Armour
 a - a +0 robe (worn)
 b - a +0 hat (worn)
 i - a +3 buckler (worn)
Jewellery
 e - a +2 ring of protection {unknown}
 g - an uncursed ring of see invisible {unknown}
 j - an uncursed amulet of faith {unknown}
Scrolls
 f - a scroll of enchant weapon
 n - 2 scrolls of teleportation
Potions
 k - a potion of ambrosia {unknown}
 l - a potion of curing {unknown}
 o - a potion of magic
 p - a potion of brilliance {unknown}
 q - a potion of berserk rage {unknown}
 s - a potion of haste {unknown}
 u - 2 potions of lignification {unknown}
Books
 c - a book of Minor Magic

   Spells                             Type                      Level
   a - Magic Dart                     Conjuration                  1
   b - Blink                          Translocation                2
   c - Call Imp                       Summoning                    2
   d - Slow                           Hexes                        2
   e - Conjure Flame                  Conjuration/Fire             3
   f - Mephitic Cloud                 Conjuration/Poison/Air       3
Comestibles
 d - 2 bread rations
 m - a meat ration
 r - a royal jelly
 t - a chunk of flesh


   Skills:
 - Level 2.4 Dodging
 - Level 2.4 Stealth
 + Level 1.0 Shields
 * Level 5.5 Spellcasting
 + Level 2.0 Conjurations
   Level 1.1 Summonings
 + Level 1.7 Translocations


You had 10 spell levels left.
You knew the following spells:

 Your Spells              Type           Power        Failure   Level  Hunger
a - Magic Dart            Conj           ###.         5%          1    None
b - Blink                 Tloc           N/A          10%         2    None


Dungeon Overview and Level Annotations

Branches:
Dungeon (3/15)

Altars:
Okawaru


Message History

Aiming: Magic Dart
Press: ? - help, Shift-Dir - straight line, f/p - adder
Aim: an adder (heavily wounded)
The magic dart hits the adder.
The adder is severely wounded.
The adder closely misses you.
Casting: Magic Dart
Confirm with . or Enter, or press ? or * to list all spells.
Aiming: Magic Dart
Press: ? - help, Shift-Dir - straight line, f/p - adder
Aim: an adder (severely wounded)
The magic dart hits the adder.
The adder is severely wounded.
The adder bites you. The worm bites you.
* * * LOW HITPOINT WARNING * * *
It was a potion of magic.
Magic courses through your body. The adder bites you.
* * * LOW HITPOINT WARNING * * *
You are lethally poisoned!
The adder poisons you! The adder bites you.
You die...

# #. #.. ###
.... ..# #
#.... #.##.###.
#.....#........
#...w@S..#
#............
#############


You could see a worm and an adder.

Vanquished Creatures
  An adder (D:2)
  A worm (D:2)
  4 dart slugs
  A leopard gecko (D:1)
  2 giant cockroaches
  8 goblins
  4 hobgoblins
  2 jackals (D:2)
  A ball python (D:1)
  4 bats
  6 frilled lizards
  3 kobolds
  4 rats
41 creatures vanquished.

Vanquished Creatures (others)
  A goblin (D:3)
1 creature vanquished.

Grand Total: 42 creatures vanquished

Notes
Turn   | Place    | Note
-------+----------+-------------------------------------------
     0 | D:1      | Ordine the Deep Elf Wizard began the quest for the Orb.
     0 | D:1      | Reached XP level 1. HP: 10/10 MP: 7/7
   277 | D:1      | Reached XP level 2. HP: 15/15 MP: 3/9
   719 | D:1      | Learned a level 2 spell: Blink
  1040 | D:2      | Found an iron altar of Okawaru.
  1156 | D:2      | Reached skill level 5 in Spellcasting
  1247 | D:2      | Reached XP level 3. HP: 19/19 MP: 6/11
  1683 | D:2      | Reached skill level 1 in Shields
  2075 | D:3      | Slain by an adder

Vault maps used:
D:1:      tarquinn_simple_flora_water_b
D:2:      okawaru_gym_becter, minmay_strange_pillars, serial_park_tiny_pond
D:3:      grunt_dithmenos_smoke_and_mirrors, first_bread, grunt_qazlal_clouds,
          uniq_robin

Skill      XL: |  1  2  3 |
---------------+----------+-----
Spellcasting   | 5 |  5.5
Conjurations   | 2 |  2.0
Shields        | 1 |  1.0
Dodging        | |  2.4
Stealth        | |  2.4
Summonings     | |  1.1
Translocations | |  1.7

Action                   || total
-------------------------++-------
Melee: Dagger            ||     1
 Cast: Magic Dart        ||   102
  Use: Scroll            ||     8
       Potion            ||     1
  Eat: Chunk             ||     3
Armor: Robe              ||     1
Dodge: Dodged            ||     7
Block: Buckler           ||     6
